 Dungeon Crawl Stone Soup version 0.23.0-38-g208d714 (webtiles) character file.

Game seed: 15973334673706308517

63 Scud the Conjurer (level 3, -2/19 HPs)
             Began as a Deep Elf Conjurer on Feb 27, 2019.
             Killed from afar by Sigmund (9 damage)
             ... with a puff of flame
             ... on level 2 of the Dungeon.
             The game lasted 00:05:37 (1479 turns).

Scud the Conjurer (Deep Elf Conjurer)               Turns: 1479, Time: 00:05:38

Health: -2/19      AC:  2    Str:  5    XL:     3   Next: 89%
Magic:  6/10       EV: 13    Int: 20    God:
Gold:   52         SH:  0    Dex: 15    Spells: 5/9 levels left

rFire    . . .     SeeInvis .   (no weapon)
rCold    . . .     Gourm    .   (no shield)
rNeg     . . .     Faith    .   a - +0 robe
rPois    .         Spirit   .   (no helmet)
rElec    .         Reflect  .   (no cloak)
rCorr    .         Harm     .   (no gloves)
MR       .....                  (no boots)
Stlth    ++........             (no amulet)
HPRegen  0.06/turn              (no ring)
MPRegen  0.12/turn              (no ring)

@: no status effects
A: no striking features
a: no special abilities


You were on level 2 of the Dungeon.
You were not hungry.

You visited 1 branch of the dungeon, and saw 2 of its levels.

You collected 52 gold pieces.

Inventory:

Armour
 a - a +0 robe (worn)
Jewellery
 h - an uncursed ring of protection from cold {unknown}
 k - an uncursed ring of ice {unknown}
Scrolls
 d - 2 scrolls of identify {unknown}
 f - a scroll of fear {unknown}
 g - a scroll of remove curse {unknown}
 j - a scroll of blinking {unknown}
 l - a scroll of teleportation {unknown}
 m - a scroll of enchant weapon {unknown}
Potions
 b - a potion of magic {unknown}
 e - a potion of agility {unknown}
 i - 2 potions of curing {unknown}
Comestibles
 c - 3 rations


   Skills:
 + Level 2.6 Dodging
 + Level 2.7 Stealth
 + Level 3.5 Spellcasting
 + Level 5.7 Conjurations


You had 5 spell levels left.
You knew the following spells:

 Your Spells              Type           Power        Failure   Level  Hunger
a - Magic Dart            Conj           ####         1%          1    None
b - Dazzling Spray        Conj/Hex       ##....       13%         3    ###....

Your spell library contained the following spells:

 Spells                   Type           Power        Failure   Level  Hunger
 Searing Ray              Conj           ####..       1%          2    ##.....
 Iskenderun's Mystic Bla  Conj           ####....     13%         4    ####...
 Force Lance              Conj/Tloc      ##......     38%         4    ####...
 Fulminant Prism          Conj/Hex       ##........   38%         4    ####...


Dungeon Overview and Level Annotations

Branches:
Dungeon (2/15)

Altars:

Annotations:
D:2 Sigmund


Message History

Sigmund is lightly wounded.
Casting: Magic Dart (safe; 1% risk of failure)
Confirm with . or Enter, or press ? or * to list all spells.
Aiming: Magic Dart (safe; 1% risk of failure)
Press: ? - help, Shift-Dir - straight line, f/p - Sigmund
Aim: Sigmund, wielding a +1 scythe of slicing and wearing a +0 robe (lightly wounded)
The magic dart hits Sigmund.
Sigmund is moderately wounded.
Sigmund laughs darkly.
Sigmund gestures at you while chanting. The magic dart hits you!
Ouch! That really hurt!
There is a stone staircase leading down here.
Sigmund gestures wildly while chanting.
Sigmund flickers and vanishes!
Deactivating autopickup; reactivate with Ctrl-A.
There is a stone staircase leading up here.
A puff of flame appears from out of thin air!
The puff of flame hits you!
You die...

#.#>##.##.#####.##
#.#.......# ##.##
#.#.##.#..# ##...#
#{#.##.#..###.....
#.#...............
#.####.######.....
#.# #.# ##...# #.#
#.# ##.## #@# #.
#..# ##.# ##.#
#..# .# #.## .#
#.# #.# #.# #.#
#.# ##.


There were no monsters in sight!

Vanquished Creatures
  2 adders (D:2)
  A worm (D:2)
  2 dart slugs (D:1)
  2 leopard geckos
  2 giant cockroaches (D:1)
  2 goblins
  7 hobgoblins
  2 jackals (D:2)
  A ball python (D:1)
  4 bats
  5 frilled lizards
  3 kobolds (D:1)
  3 rats (D:1)
36 creatures vanquished.

Notes
Turn   | Place    | Note
-------+----------+-------------------------------------------
     0 | D:1      | Scud the Deep Elf Conjurer began the quest for the Orb.
     0 | D:1      | Reached XP level 1. HP: 10/10 MP: 6/6
   204 | D:1      | Reached XP level 2. HP: 15/15 MP: 5/8
   279 | D:1      | Reached skill level 5 in Conjurations
   820 | D:1      | Reached XP level 3. HP: 19/19 MP: 4/9
   825 | D:1      | Learned a level 3 spell: Dazzling Spray
  1464 | D:2      | Noticed Sigmund
  1479 | D:2      | Killed from afar by Sigmund

Skill      XL: |  1  2 |
---------------+-------+-----
Conjurations   | 5 |  5.7
Dodging        | |  2.6
Stealth        | |  2.7
Spellcasting   | |  3.5

Action                   || total
-------------------------++-------
Melee: Unarmed           ||     3
 Cast: Magic Dart        ||    75
 Stab: Sleeping          ||     1
  Eat: Ration            ||     1
Armor: Robe              ||     1
Dodge: Dodged            ||     7
